 Dungeon Crawl Stone Soup version 0.30.1-4-g462c640d31 (webtiles) character file.

Game seed: 344336759223437484

305 wingedge the Twirler (level 5, 0/45 HPs)
             Began as a Demigod Wanderer on Sept 13, 2023.
             Slain by a gnoll
             ... wielding a +0 whip
             ... led by a gnoll bouda
              (2 damage)
             ... on level 5 of the Dungeon.
             The game lasted 00:09:05 (2501 turns).

wingedge the Twirler (Demigod Wanderer)             Turns: 2501, Time: 00:09:06

Health: 0/45       AC: 10    Str: 16    XL:     5   Next: 92%
Magic:  7/7        EV: 13    Int: 11    God:
Gold:   241        SH:  0    Dex: 17    Spells: 4/4 levels left

rFire   . . .        a - +0 quarterstaff
rCold   . . .        (shield currently unavailable)
rNeg    . . .        u - +0 chain mail {rPois}
rPois   +            (no helmet)
rElec   .            (no cloak)
rCorr   +            l - +0 pair of gloves
SInv    .            h - +0 pair of boots
Will    .....        (no amulet) Stlth
                     n - ring of resist corrosion
HPRegen 0.27/turn    w - +5 ring of evasion
MPRegen 0.10/turn

%: no passive effects
@: about to teleport, hasted, very quick
A: high MP 1, forlorn, divine attributes
a: no special abilities


You were on level 5 of the Dungeon.
You visited 1 branch of the dungeon, and saw 5 of its levels.

You collected 241 gold pieces.

Inventory:

Hand Weapons
 a - a +0 quarterstaff (weapon)
 b - a +0 shortbow
Missiles
 c - 6 boomerangs (quivered)
 k - a throwing net
 o - 3 poisoned darts
Armour
 d - a +2 leather armour
 h - a +0 pair of boots (worn)
 l - a +0 pair of gloves (worn)
 u - a +0 chain mail of poison resistance (worn)
Jewellery
 n - a ring of resist corrosion (left hand)
 w - a +5 ring of evasion (right hand)
Scrolls
 f - 2 scrolls of teleportation
 g - 9 scrolls of identify
 m - a scroll of amnesia {unknown}
 p - 2 scrolls of fear {unknown}
 t - a scroll of vulnerability {unknown}
 v - 2 scrolls of magic mapping {unknown}
 x - a scroll of enchant armour {unknown}
 y - a scroll of brand weapon {unknown}
Potions
 e - a potion of haste
 i - 3 potions of curing {unknown}
 j - a potion of degeneration {unknown}
 q - 2 potions of might {unknown}
 r - a potion of heal wounds {unknown}
 s - a potion of resistance {unknown}
 z - a potion of cancellation {unknown}


   Skills:
 - Level 3.0 Fighting
 - Level 1.0 Long Blades
 + Level 4.1 Staves
 - Level 3.0 Throwing
 - Level 1.0 Armour
 - Level 3.0 Dodging
 - Level 1.0 Stealth


You had 4 spell levels left.
You didn't know any spells.
Your spell library contained the following spells:

 Spells                   Type           Power      Damage    Failure   Level
 Volatile Blastmotes      Fire/Tloc      0%         2d10      100%        3
 Fulminant Prism          Conj/Hex       0%         3d5       100%        4
 Iskenderun's Mystic Bla  Conj/Tloc      0%         2d3       100%        4
 Lee's Rapid Deconstruct  Erth           0%         3d4*      100%        5


Dungeon Overview and Level Annotations

Branches:
Dungeon (5/15)
 Temple: D:4-7

Shops:
D:1 :(*(

Annotations:
D:4 3 runed translucent doors, Kranky's ghost, amateur FoWn


Innate Abilities, Weirdness & Mutations

You have an increased reservoir of magic. (+10% MP)
You shall have no god before yourself.
Your divine heritage dramatically boosts your attributes as you level up.


Message History

Your attacks no longer feel as feeble.
The gnoll barely misses you. The gnoll bouda closely misses you.
You completely miss the gnoll bouda.
The gnoll bouda is almost dead.
The gnoll completely misses you. The gnoll bouda closely misses you.
You hit the gnoll bouda but do no damage.
The gnoll bouda is almost dead.
The gnoll hits you with a +0 flail.
The gnoll bouda gazes fiercely through you!
You feel your attacks grow feeble. The gnoll bouda closely misses you.
You hit the gnoll bouda.
You kill the gnoll bouda!
The gnoll is no longer moving quickly.
The gnoll hits you but does no damage. x2
Your Staves skill increases to level 4!
You hit the gnoll but do no damage.
The gnoll is no longer moving quickly.
The gnoll hits you with a +0 flail! The gnoll hits you but does no damage.
The gnoll closely misses you.
As you read the scroll labelled KISOTT QIOCW, it crumbles to dust.
It is a scroll of identify.
f - 3 scrolls of teleportation The gnoll is no longer moving quickly.
The gnoll hits you with a +0 whip!
* * * LOW HITPOINT WARNING * * *
The gnoll hits you with a +0 flail.
* * * LOW HITPOINT WARNING * * *
As you read the scroll of teleportation, it crumbles to dust.
You feel strangely unstable. The gnoll barely misses you.
The gnoll closely misses you.
You feel yourself speed up. The gnoll hits you with a +0 whip.
* * * LOW HITPOINT WARNING * * *
The gnoll misses you.
You barely miss the gnoll. The gnoll barely misses you.
You hit the gnoll.
The gnoll is moderately wounded.
Your attacks no longer feel as feeble.
The gnoll misses you.
You completely miss the gnoll.
The gnoll is moderately wounded.
The gnoll hits you with a +0 whip.
You die...

#.. #.# #.#
#.##### #.##..
#.##g#
...####.##g#
.........g@#
...####.####
##..#
##.#........ ####
##.###.#####.
###...###.## #..
...........# .##
###....####.#.#.#
##....<.....# #


You could see 3 gnolls.

Vanquished Creatures
  An ogre (D:4)
  A gnoll bouda (D:5)
  A hound (D:4)
  2 iguanas
  An orc wizard (D:4)
  2 adders (D:3)
  A worm (D:3)
  3 orcs
  11 ball pythons
  7 endoplasms
  4 goblins
  3 hobgoblins
  4 quokkas
  9 bats
  4 frilled lizards
  3 kobolds (D:2)
  4 rats
61 creatures vanquished.

Notes
Turn   | Place    | Note
-------+----------+-------------------------------------------
     0 | D:1      | wingedge the Demigod Wanderer began the quest for the Orb.
     0 | D:1      | wingedge set off with the following items: a +0 falchion, a
                  | +2 leather armour, 7 boomerangs, a +0 dagger, a potion of
                  | haste.
     0 | D:1      | Reached XP level 1. HP: 17/17 MP: 3/3
    52 | D:1      | Found Zyjac Berha's General Store.
    77 | D:1      | Found Xacwu Nai's Weapon Boutique.
   243 | D:1      | Reached XP level 2. HP: 24/24 MP: 4/4
   276 | D:1      | Found Seizaukuv's Antique Weapon Shop.
   391 | D:1      | Found Petir's Book Emporium.
  1001 | D:2      | Reached XP level 3. HP: 29/30 MP: 5/5
  1444 | D:3      | Reached skill level 1 in Staves
  1509 | D:3      | Reached XP level 4. HP: 32/37 MP: 6/6
  1979 | D:4      | Found a runed translucent gate.
  1980 | D:4      | Found a runed translucent gate.
  1980 | D:4      | Found a runed translucent gate.
  1981 | D:4      | Noticed Kranky's ghost (amateur FoWn)
  1990 | D:4      | Noticed an ogre
  2002 | D:4      | Killed an ogre
  2003 | D:4      | Reached skill level 3 in Staves
  2003 | D:4      | Reached XP level 5. HP: 45/45 MP: 7/7
  2462 | D:5      | Entered Level 5 of the Dungeon
  2495 | D:5      | Reached skill level 4 in Staves
  2498 | D:5      | HP: 1/45 [gnoll/+0 whip[a gnoll bouda] (3)]
  2501 | D:5      | Slain by a gnoll

Illustrated notes

Levels and vault maps discovered:
D:1:      psy_arrival_whirlpool, layout_rooms, serial_shops,
          nicolae_shop_peninsula, nicolae_shop_statue_plus, shop,
          nicolae_shop_dealshenge, st_stairs_4, hangedman_decor_points
D:2:      layout_loops_ring, hellmonk_ecumenical_altar_defaced_shrine
D:3:      layout_loops_cross, nicolae_overflow_ecumenical_swirl,
          nicolae_uskayaw_dance_hall, hangedman_decor_growths,
          grunt_decor_arrowhead
D:4:      layout_rooms, mainiacjoe_overflow_tiny_flanked,
          nicolae_overflow_crystal_walls, gammafunk_ghost_split,
          chequers_mini_garden, minmay_cupped
D:5:      layout_loops_ring, mainiacjoe_overflow_cross_hatched,
          mainiacjoe_overflow_six_doors_small, nicolae_hepliaklqana_hazy_memory,
          minmay_temple_entry_slanted, uniq_edmund, uniq_eustachio

Skill      XL: |  1  2  3  4  5 |
---------------+----------------+-----
Fighting       | 2 3 |  3.0
Throwing       | 2 3 |  3.0
Dodging        | 3 |  3.0
Staves         | 1 3 4 |  4.1
Long Blades    | |  1.0
Armour         | |  1.0
Stealth        | |  1.0

Action                     |  1- 3 |  4- 6 || total
---------------------------+-------+-------++-------
  Melee: Falchion          |    68 |       ||    68
         Quarterstaff      |    65 |   100 ||   165
   Fire: Shortbow          |       |     4 ||     4
  Throw: Throwing net      |     1 |     2 ||     3
         Boomerang         |       |     3 ||     3
    Use: Scroll            |       |     2 ||     2
         Potion            |       |     1 ||     1
   Stab: Sleeping          |     4 |       ||     4
         Held in net/web   |     1 |       ||     1
 Armour: Leather armour    |    49 |       ||    49
         Chain mail        |    10 |    45 ||    55
  Dodge: Dodged            |    92 |    85 ||   177
